 Dungeon Crawl Stone Soup version 0.31-a0-1612-g4aaf141004 (webtiles) character file.

Game seed: 17072345853390314499

168705 croobank the Necromancer (level 17, -3/81 (89) HPs)
             Began as a Felid Summoner on Jan 8, 2024.
             Was a Follower of Jiyva.
             Slain by a redback (10 damage)
             ... on level 3 of the Spider Nest on Jan 9, 2024.
             The game lasted 04:59:51 (32960 turns).

croobank the Necromancer (Felid Summoner)          Turns: 32960, Time: 04:59:52

HP:   -3/81 (89)    AC:  3    Str:  4    XL:     17   Next: 34%
MP:   4/35          EV: 12    Int: 27    God:    Jiyva [*.....]
Gold: 2173          SH:  0    Dex: 17    Spells: 1/42 levels left
                                        Lives: 0   Deaths: 5

rFire   . . .        (weapon unavailable)
rCold   + . .        (shield unavailable)
rNeg    + . .        (body armour unavailable)
rPois   +            (helmet unavailable)
rElec   .            (cloak unavailable)
rCorr   .            (gloves unavailable)
SInv    +            (boots unavailable)
Will    ++...        G - amulet of magic regeneration
Stlth   ++++         m - ring of positive energy
HPRegen 1.13/turn    n - ring of poison resistance
MPRegen 1.04/turn

%: no passive effects
@: lethally poisoned (-3 -> -44), death channelling, animating dead, held,
drained
A: very small, claws 1, fangs 3, see invisible, shaggy fur 3, stealthy paws, no
weapons or thrown items, no armour, multi-lived, screaming 1
a: Renounce Religion


You were on level 3 of the Spider Nest.
You worshipped Jiyva.
Jiyva was aware of your devotion.
You visited 6 branches of the dungeon, and saw 31 of its levels.

You collected 4083 gold pieces.
You spent 1910 gold pieces at shops.

Inventory:

Jewellery
 d - a ring of protection from cold
 g - a ring of positive energy
 i - a +6 ring of strength
 j - a +6 ring of dexterity
 m - a ring of positive energy (left paw)
 n - a ring of poison resistance (right paw)
 o - a ring of flight
 p - the ring "Fuuxtap" {rC+ EV+5 Str+2 Slay+2 SInv Stlth-}
   (You bought it in a shop on level 2 of the Orcish Mines)

   [ring of evasion]

   EV+5:      It affects your evasion (+5).
   Str+2:     It affects your strength (+2).
   Slay+2:    It affects your accuracy & damage with ranged weapons and melee
   (+2).
   rC+:       It protects you from cold.
   SInv:      It lets you see invisible.
   Stlth-:    It makes you less stealthy.
 s - a ring of fire
 u - a ring of magical power
 w - the ring of Koehunti {*Slow Str+6 Int+5 Dex+3}
   (You acquired it on level 5 of the Lair of Beasts)

   [ring of strength]

   Str+6:     It affects your strength (+6).
   Int+5:     It affects your intelligence (+5).
   Dex+3:     It affects your dexterity (+3).
   *Slow:     It may slow you when you take damage.
 x - a ring of protection from cold
 A - an amulet of regeneration
 B - a ring of protection from fire
 G - an amulet of magic regeneration (around neck)
 L - a +4 ring of slaying
 O - a +6 ring of dexterity
Talismans
 b - a flux talisman
 H - the serpent talisman of Niysaqer {Fly rC- Slay+5}
   (You took it off Aizul on level 2 of the Spider Nest)

   [serpent talisman]

   Slay+5:    It affects your accuracy & damage with ranged weapons and melee
   (+5).
   rC-:       It makes you vulnerable to cold.
   Fly:       It grants you flight.
Wands
 a - a wand of flame (22)
 v - a wand of charming (7)
 F - a wand of mindburst (7)
 N - a wand of roots (2)
Scrolls
 e - 4 scrolls of poison
 f - 4 scrolls of fear
 h - 3 scrolls of fog
 C - 5 scrolls of vulnerability
 J - 2 scrolls of immolation
 K - 2 scrolls of teleportation
Potions
 c - a potion of mutation
 k - a potion of lignification
 l - 2 potions of magic
 q - 3 potions of attraction
 r - 4 potions of brilliance
 t - 4 potions of enlightenment
 D - 3 potions of cancellation
 E - a potion of berserk rage
 I - 2 potions of resistance
Miscellaneous
 y - a phantom mirror


   Skills:
 - Level 10.0 Fighting
 - Level 10.0 Dodging
 - Level 7.4 Stealth
 - Level 13.2 Spellcasting
 - Level 14.6 Summonings
 + Level 20.7 Necromancy
 - Level 3.0 Translocations
 - Level 5.0 Fire Magic


You had one spell level left.
You knew the following spells:

 Your Spells              Type           Power      Damage    Failure   Level
a - Summon Small Mammal   Summ           100%       N/A       0%          1
A - Animate Dead          Necr           92%        N/A       0%          4
B - Blink                 Tloc           68%        N/A       1%          2
D - Death Channel         Necr           46%        N/A       1%          6
H - Haunt                 Necr/Summ      42%        N/A       1%          7
I - Infestation           Necr           46%        N/A       4%          8
M - Martyr's Knell        Necr/Summ      85%        N/A       1%          4
N - Anguish               Hex/Necr       32%        N/A       1%          4
V - Borgnjor's Vile Clut  Necr/Erth      32%        N/A       1%          5

Your spell library contained the following spells:

 Spells                   Type           Power      Damage    Failure   Level
 Necrotise                Necr           100%       1d9       0%          1
 Kiss of Death            Conj/Necr      100%       2d13      1%          1
 Magic Dart               Conj           68%        1d6       3%          1
 Call Imp                 Summ           100%       N/A       0%          2
 Sublimation of Blood     Necr           92%        N/A       0%          2
 Vampiric Draining        Necr           92%        2d12      0%          3
 Dispel Undead            Necr           92%        3d29      0%          4
 Call Canine Familiar     Summ           77%        N/A       1%          3
 Summon Blazeheart Golem  Fire/Summ      63%        N/A       1%          4
 Summon Lightning Spire   Summ/Air       55%        N/A       1%          4
 Curse of Agony           Necr           92%        N/A       1%          5
 Borgnjor's Revivificati  Necr           46%        N/A       4%          8
 Passage of Golubria      Tloc           34%        N/A       9%          4
 Confusing Touch          Hex            17%        N/A       10%         3
 Tukima's Dance           Hex            17%        N/A       10%         3
 Ignite Poison            Fire/Alch      31%        N/A       11%         4
 Sticky Flame             Fire/Alch      31%        2d7       11%         4
 Vhi's Electric Charge    Tloc/Air       52%        N/A       17%         4
 Petrify                  Alch/Erth      17%        N/A       30%         4
 Death's Door             Necr           46%        N/A       54%         9
 Arcjolt                  Conj/Air       8%         1d18      65%         5
 Irradiate                Conj/Alch      8%         3d14      65%         5
 Iskenderun's Battlesphe  Conj           17%        2d7       65%         5
 Yara's Violent Unravell  Hex/Alch       8%         3d5       65%         5
 Spellforged Servitor     Conj/Summ      27%        N/A       78%         7
 Plasma Beam              Fire/Air       15%        2x1d27    86%         6
 Bombard                  Conj/Erth      8%         9d2       99%         6
 Conjure Ball Lightning   Conj/Air       8%         3x3d6     99%         6
 Enfeeble                 Hex            8%         N/A       100%        7
 Discord                  Hex            8%         N/A       100%        8
 Disjunction              Tloc           17%        N/A       100%        8
 Ignition                 Fire           22%        3d8       100%        8
 Chain Lightning          Conj/Air       8%         3d11      100%        9
 Fire Storm               Conj/Fire      15%        8d4       100%        9
 Shatter                  Erth           8%         3d10*     100%        9


Dungeon Overview and Level Annotations

Branches:
Dungeon (15/15)            Temple (1/1) D:5            Lair (5/5) D:10
  Swamp (0/4) Lair:2       Spider (3/4) Lair:2        Slime (5/5) Lair:5
    Orc (2/2) D:9             Elf (0/3) Orc:2        Vaults (0/5) D:14
 Depths (0/4) D:15

Altars:
Ashenzari
Cheibriados
Dithmenos
Elyvilon
Fedhas
Gozag
Hepliaklqana
Kikubaaqudgha
Makhleb
Nemelex Xobeh
Okawaru
Qazlal
Ru
Sif Muna
Trog
Uskayaw
Vehumet
Wu Jian
Xom
Yredelemnul
Zin
The Shining One
Jiyva
Lugonu

Shops:
Orc:2 ?(=[(

Portals:
Abyss: Lair:5

Annotations:
D:15 rF+++ needed to finish, exclusion: door, Roxanne
Lair:3 1 runed translucent door, xnavy's ghost, journeyman GnCA
Spider:1 2 transporters, Doj's ghost, adept DsEE
Slime:5 Royal Jelly


Innate Abilities, Weirdness & Mutations

You have sharp claws.
You have razor-sharp teeth.
You have supernaturally acute eyesight. (SInv)
Your thick and shaggy fur keeps you warm. (AC +3, rC+)
Your paws help you pounce on unaware monsters.
You are incapable of wielding weapons or throwing items.
You cannot wear armour.
You gain extra lives every three experience levels.
You occasionally shout uncontrollably at your foes.


Message History

Your wraith is destroyed!
Your wraith disappears in a puff of smoke!
The demonic crawler is wracked by anguish.
Your shadow wraith hits the demonic crawler!!
Your phantasmal warrior misses the ghost moth.
Your wraith hits the ghost moth.
Your wraith drains the ghost moth's vigour!
The ghost moth seems to slow down.
Your shadow wraith hits the demonic crawler!!
Your shadow wraith drains the demonic crawler's vigour!
The demonic crawler seems to slow down.
Your freezing wraith closely misses the ghost moth.
Your freezing wraith barely misses the ghost moth.
Okay, then.
You feel better. The ghost moth stares at your wraith.
The ghost moth hits your wraith.
The ghost moth is wracked by anguish.
The ghost moth hits your wraith but does no damage.
The ghost moth stings your wraith.
The ghost moth is wracked by anguish.
The redback barely misses you.
Your shadow wraith hits the demonic crawler!!
The demonic crawler dies!
The dead are crawling!
Your phantasmal warrior hits the ghost moth!
Your shadow wraith hits the redback.
Your shadow wraith drains the redback's vigour!
The redback seems to slow down.
Your freezing wraith hits the ghost moth but does no damage.
Your freezing wraith hits the ghost moth!
The ghost moth dies!
The dead are flying!
A glowing mist starts to gather...
You struggle to detach yourself from the web.
The redback barely misses you. The redback bites you!
* * * LOW HITPOINT WARNING * * *
You are lethally poisoned!
The redback poisons you!
The redback is wracked by anguish!
Your shadow wraith hits the redback!
Your shadow wraith hits the redback.
Your shadow wraith drains the redback's vigour!
The redback seems to slow down.
The redback bites you!
You die...

#### ..#
.Z## . #WW#
...
###s.#..>.#
#Z@s.......
#WW#..###..
#ZW#....#
####^#..^.#
###....
#... .#. #


You could see 2 redbacks, 2 friendly shadow wraiths, a friendly phantasmal
warrior (summoned), a friendly freezing wraith (summoned), a friendly spectral
ghost moth, a friendly wraith (summoned), a friendly ghost moth zombie and a
friendly demonic crawler zombie.

Vanquished Creatures
  3 acid blobs
  4 azure jellies
  2 rockslimes
  An emperor scorpion (Spider:1)
  5 quicksilver oozes
  2 formless jellyfish
  A spark wasp (Spider:2)
  A yaktaur captain (D:14)
  An entropy weaver (Spider:1)
  2 vault guards (D:14)
  A great orb of eyes (Slime:4)
  A hydra (Lair:2)
  3 centaur warriors
  3 two-headed ogres (D:9)
  A boulder beetle (D:13)
  A tengu warrior (D:13)
  An orc high priest (Orc:1)
  A death yak (Lair:4)
  Sonja (D:10)
  An arcanist (D:14)
  2 necromancers (D:14)
  A manticore (D:11)
  7 ugly things
  A wolf spider (Spider:1)
  3 cyclopes
  A meliai (D:15)
  A black mamba (Lair:1)
  A centaur zombie (D:15)
  A torpor snail (Lair:2)
  5 cane toads
  2 kobold demonologists (D:12)
  2 komodo dragons
  Psyche (D:10)
  3 trolls
  3 blink frogs
  A hornet (D:10)
  A raiju (Lair:5)
  12 slime creatures
  3 jumping spiders
  2 wyverns
  A wraith (D:13)
  A spriggan (D:9)
  7 yaks
  A golden eye (Slime:2)
  3 humans (D:14)
  2 acid dragons
  A cane toad zombie (Lair:1)
  A black bear (D:4)
  An orc warrior (D:14)
  2 blink frog zombies (Lair:5)
  4 centaurs
  2 wolves (Lair:1)
  3 kobold brigands
  3 bullfrogs
  A water moccasin zombie (Lair:1)
  8 wights
  5 yak zombies
  2 howler monkeys
  A wolf zombie (Lair:1)
  4 electric eels
  A bullfrog zombie (Lair:1)
  2 human zombies
  An orc priest (D:8)
  A jelly (D:5)
  A sleepcap (D:7)
  An orc wizard (D:8)
  3 hell rats (Lair:3)
  Terence (D:2)
  A boggart skeleton (D:15)
  2 hell rat zombies (Lair:3)
  2 gnolls
  7 adders
  A ribbon worm (D:2)
  16 orcs
  3 ball pythons
  An endoplasm (D:3)
  A giant cockroach (D:3)
  A goblin (D:3)
  A hobgoblin (D:2)
  5 kobolds
  2 quokkas
  A bat (D:1)
  A frilled lizard (D:2)
  2 kobold zombies
  An orc zombie (D:10)
201 creatures vanquished.

Vanquished Creatures (collateral kills)
  20 acid blobs
  6 azure jellies
  Aizul (Spider:2)
  6 rockslimes
  A ghost moth (Spider:3)
  8 quicksilver oozes
  A broodmother (Spider:2)
  A formless jellyfish (Slime:5)
  An eleionoma (Lair:2)
  An entropy weaver (shapeshifter) (D:14)
  A rakshasa (D:15)
  An ogre mage (D:15)
  3 hydras
  9 death yaks
  3 two-headed ogres
  2 centaur warriors
  A demonic crawler (Spider:3)
  An occultist (D:15)
  2 orc high priests
  3 thrashing horrors (Lair:5)
  A pharaoh ant (Spider:1)
  A spark wasp zombie (Spider:2)
  3 orb spiders
  A sun moth (Spider:1)
  2 glowing orange brains (Slime:5)
  An arcanist (D:14)
  6 ugly things
  A necromancer (D:15)
  2 steelbarb worms (Spider:1)
  An orc knight (D:11)
  An orc sorcerer (D:15)
  A cyclops (D:15)
  A deep elf pyromancer (D:13)
  2 moths of wrath
  A manticore (Orc:2)
  3 shining eyes
  2 wolf spiders (Spider:1)
  2 black mambas
  A centaur zombie (D:15)
  2 meliai
  3 kobold blastminers
  7 elephants
  2 eyes of devastation
  A torpor snail (Spider:1)
  3 cane toads
  An orange demon (Orc:2)
  A centaur skeleton (D:15)
  5 rime drakes
  A large abomination (Lair:5)
  2 unseen horrors
  9 komodo dragons
  A kobold demonologist (D:12)
  A troll (Orc:2)
  A polar bear (Lair:5)
  3 hornets
  7 tarantellas
  A tarantella (shapeshifter) (Lair:5)
  A dream sheep (Lair:5)
  2 jumping spider zombies (Spider:2)
  2 raiju (Lair:5)
  18 blink frogs
  65 slime creatures
  11 jumping spiders
  Sigmund (D:2)
  A ynoxinul (Lair:5)
  2 shadows
  11 culicivoras
  17 yaks
  A spriggan (Lair:5)
  4 wraiths
  2 basilisks
  2 wyverns
  14 humans (D:14)
  10 golden eyes
  14 redbacks
  2 vampire mosquitoes (D:15)
  3 chaos spawn (Lair:5)
  14 water moccasins
  13 orc warriors
  An ice beast (D:8)
  3 sky beasts
  9 ogres
  2 boggarts (D:14)
  9 wolves
  9 centaurs
  A phantom (D:3)
  2 nameless horrors
  4 kobold brigands
  6 bullfrogs
  7 small abominations (Lair:5)
  5 scorpions
  A gnoll sergeant (D:9)
  2 wights (D:9)
  6 killer bees
  8 jellies
  A bombardier beetle (D:5)
  2 hounds (D:5)
  6 orc priests
  2 sleepcaps
  2 iguanas
  14 orc wizards
  4 hell rats (Lair:3)
  Robin (D:2)
  7 gnolls
  5 adders
  2 river rats (D:4)
  2 shadow imps (D:7)
  2 white imps
  A ribbon worm (D:4)
  2 dart slugs (D:2)
  72 orcs
  6 endoplasms
  5 giant cockroaches
  7 goblins
  6 hobgoblins
  2 quokkas
  4 ball pythons
  3 bats
  2 frilled lizards
  23 kobolds
  9 rats
633 creatures vanquished.

Vanquished Creatures (others)
  Saint Roka (Orc:2)
  5 acid blobs
  Gastronok (Lair:2)
  An azure jelly (Slime:3)
  4 rockslimes
  A quicksilver ooze (Slime:4)
  A rockslime zombie (Slime:5)
  Nessos (D:15)
  4 acid blob zombies (Slime:5)
  Josephine (Orc:1)
  Harold (Orc:1)
  An ice dragon (D:8)
  A hydra (D:8)
  A radroach (Spider:2)
  A two-headed ogre (D:15)
  Erica (D:8)
  A tengu warrior (D:15)
  A quicksilver ooze zombie (Slime:5)
  2 azure jelly zombies (Slime:5)
  4 death yaks (Lair:2)
  A thrashing horror (Lair:5)
  An orc high priest (Orc:2)
  Urug (Lair:2)
  3 demonic crawlers (Spider:1)
  A skyshark (Lair:2)
  An orb spider (Spider:2)
  7 ugly thing zombies
  A deep elf pyromancer (D:15)
  4 orc knights
  A wolf spider zombie (Spider:1)
  9 ugly things
  3 wolf spiders (Spider:1)
  2 manticores
  An orc sorcerer (D:15)
  4 meliai
  4 elephants
  A black mamba (Lair:2)
  5 kobold blastminers
  A cane toad (Lair:1)
  2 orange demons (Orc:2)
  3 centaur zombies (D:14)
  4 death yak zombies
  A komodo dragon (Lair:3)
  A tengu conjurer (D:15)
  An efreet (D:15)
  2 redback zombies (Spider:1)
  2 rime drakes (Lair:5)
  A troll (Orc:1)
  A hornet (Spider:1)
  2 culicivora zombies (Spider:1)
  3 blink frogs
  A meliai zombie (Spider:2)
  4 jumping spider zombies
  A black mamba zombie (Lair:1)
  8 jumping spiders
  7 slime creatures
  5 yaks
  3 culicivoras (Spider:1)
  2 wraiths (Orc:1)
  22 slime creature zombies
  A vampire mosquito (D:15)
  7 redbacks
  A steam dragon (shapeshifter) (D:15)
  A chaos spawn (Lair:5)
  6 cane toad zombies
  4 water moccasins
  20 orc warriors
  4 blink frog zombies (Lair:5)
  3 ogres
  A dream sheep zombie (Lair:5)
  A boggart (D:14)
  A torpor snail zombie (Lair:2)
  3 wolves (Lair:2)
  5 rime drake zombies (Lair:5)
  A bullfrog (Lair:4)
  2 komodo dragon zombies
  3 water moccasin zombies
  A scorpion (Orc:2)
  2 wyvern zombies (Lair:5)
  2 troll zombies (Orc:1)
  6 yak zombies
  A spriggan zombie (Lair:5)
  A polar bear zombie (Lair:5)
  14 jellies (Spider:2)
  2 wolf zombies (Lair:1)
  3 bullfrog zombies
  7 human zombies
  9 orc priests
  5 orc wizards
  2 ogre zombies
  A hell rat zombie (Lair:3)
  2 jelly zombies (D:13)
  43 orc zombies
  25 orcs
  6 kobold zombies
  76 blazeheart cores
433 creatures vanquished.

Grand Total: 1267 creatures vanquished

Notes
Turn   | Place    | Note
-------+----------+-------------------------------------------
     0 | D:1      | croobank the Felid Summoner began the quest for the Orb.
     0 | D:1      | Reached XP level 1. HP: 9/9 MP: 4/4
   273 | D:1      | Reached XP level 2. HP: 13/13 MP: 3/6
  1048 | D:2      | Learned a level 2 spell: Call Imp
  1055 | D:2      | Noticed Sigmund
  1113 | D:2      | Noticed Terence
  1185 | D:2      | Reached XP level 3. HP: 16/16 MP: 4/7
  1189 | D:2      | Learned a level 3 spell: Call Canine Familiar
  1225 | D:2      | Noticed Robin
  1241 | D:2      | Killed Robin
  1255 | D:2      | Identified the +7 whip "Soosaqav" {protect, *Rage Will+
                  | Int+2}
  1504 | D:2      | Reached XP level 4. HP: 21/21 MP: 7/9
  1504 | D:2      | Gained a life (2 lives remaining)
  1736 | D:2      | Killed Sigmund
  1737 | D:2      | Reached XP level 5. HP: 24/24 MP: 3/10
  1742 | D:2      | Learned a level 4 spell: Summon Blazeheart Golem
  2202 | D:3      | Noticed a phantom
  2234 | D:3      | Killed a phantom
  2235 | D:3      | Reached skill level 5 in Stealth
  2235 | D:3      | Reached skill level 5 in Summonings
  2235 | D:3      | Gained mutation: You are covered in thick fur. (AC +2)
                  | [Felid growth]
  2235 | D:3      | Reached XP level 6. HP: 28/29 MP: 4/12
  2315 | D:3      | Reached skill level 1 in Fire Magic
  2847 | D:3      | Found a faded altar of an unknown god.
  2904 | D:4      | Identified 2 scrolls of acquirement
  2904 | D:4      | Acquired 1115 gold pieces
  2938 | D:4      | Reached skill level 1 in Fighting
  2938 | D:4      | Reached skill level 5 in Dodging
  3021 | D:4      | Reached XP level 7. HP: 33/33 MP: 9/13
  3596 | D:4      | Found an opulent altar of Gozag.
  3882 | D:4      | Noticed a nameless horror
  3897 | D:4      | Acquired a +6 ring of dexterity
  3903 | D:4      | Killed a nameless horror
  4062 | D:5      | Entered Level 5 of the Dungeon
  4579 | D:5      | Found a staircase to the Ecumenical Temple.
  4587 | Temple   | Entered the Ecumenical Temple
  4601 | Temple   | Became a worshipper of Kikubaaqudgha
  4778 | D:5      | Found a sparkling altar of Nemelex Xobeh.
  4778 | D:5      | Found an ornate altar of the Wu Jian Council.
  4778 | D:5      | Found a snail-covered altar of Cheibriados.
  4779 | D:5      | Found a blossoming altar of Fedhas.
  4781 | D:5      | Found a radiant altar of Vehumet.
  5045 | D:6      | Reached XP level 8. HP: 39/39 MP: 7/15
  6058 | D:7      | Reached * piety under Kikubaaqudgha
  6058 | D:7      | Received a gift from Kikubaaqudgha
  6064 | D:7      | Reached XP level 9. HP: 44/44 MP: 4/17
  6542 | D:7      | Learned a level 4 spell: Animate Dead
  6723 | D:8      | Reached skill level 5 in Spellcasting
  6723 | D:8      | Reached skill level 5 in Fire Magic
  6913 | D:8      | Reached skill level 1 in Necromancy
  6983 | D:8      | Reached skill level 2 in Necromancy
  7370 | D:8      | Noticed Erica
  7414 | D:8      | Found a basalt altar of Yredelemnul.
  7449 | D:8      | Reached ** piety under Kikubaaqudgha
  7454 | D:8      | Learned a level 2 spell: Blink
  7599 | D:2      | Killed Terence
  7758 | D:8      | Found a stormy altar of Qazlal.
  7759 | D:8      | Found a burning altar of Makhleb.
  7759 | D:8      | Found a broken altar of Ashenzari.
  7760 | D:8      | Found a shimmering altar of Xom.
  8004 | D:8      | Reached skill level 1 in Translocations
  8154 | D:9      | Noticed a two-headed ogre
  8175 | D:9      | Reached skill level 3 in Necromancy
  8293 | D:9      | Killed a two-headed ogre
  8294 | D:9      | Reached skill level 4 in Necromancy
  8294 | D:9      | Reached XP level 10. HP: 51/51 MP: 5/19
  8408 | D:9      | Noticed a two-headed ogre
  8408 | D:9      | Noticed a two-headed ogre
  8420 | D:9      | Killed a two-headed ogre
  8421 | D:9      | Reached skill level 5 in Fighting
  8429 | D:9      | Killed a two-headed ogre
  8430 | D:9      | Reached skill level 5 in Necromancy
  8525 | D:9      | Found the +8 pair of quick blades "Gyre" and "Gimble"
                  | {protect}
  8920 | D:9      | Learned a level 4 spell: Martyr's Knell
  8937 | D:9      | Reached skill level 6 in Necromancy
  9096 | D:9      | Found a staircase to the Orcish Mines.
  9224 | D:10     | Entered Level 10 of the Dungeon
  9236 | D:10     | Noticed Sonja
  9250 | D:10     | Killed Sonja
  9465 | D:10     | Noticed a two-headed ogre
  9468 | D:10     | Reached XP level 11. HP: 56/56 MP: 12/21
  9482 | D:10     | Killed a two-headed ogre
  9671 | D:10     | Reached skill level 7 in Necromancy
  9706 | D:10     | Noticed Psyche
  9757 | D:10     | Reached *** piety under Kikubaaqudgha
  9757 | D:10     | Received a gift from Kikubaaqudgha
  9802 | D:10     | Killed Psyche
  9965 | D:10     | Found a staircase to the Lair.
 10484 | D:11     | Reached skill level 10 in Dodging
 10600 | D:11     | Noticed an orc knight
 10629 | D:11     | Killed an orc knight
 10830 | D:11     | Noticed a green ugly thing
 10843 | D:11     | Killed a green ugly thing
 10844 | D:11     | Reached skill level 8 in Necromancy
 10966 | D:11     | Reached **** piety under Kikubaaqudgha
 11323 | D:12     | Noticed a soul eater
 11344 | D:12     | Learned a level 6 spell: Death Channel
 11380 | D:12     | Noticed a soul eater
 11413 | D:12     | Got the Vellum of the Bruised Ziggurats
 11725 | D:12     | Noticed a green ugly thing
 11860 | D:12     | Noticed a sixfirhy
 11868 | D:11     | Killed a green ugly thing
 11869 | D:11     | Reached skill level 9 in Necromancy
 12115 | D:12     | Found an ancient bone altar of Kikubaaqudgha.
 12421 | D:12     | Noticed a sixfirhy
 12467 | D:12     | Upgraded the game from 0.31-a0-1603-gbec6b6ccbf to
                  | 0.31-a0-1611-g890cdf5628
 12529 | D:13     | Noticed a purple ugly thing
 12539 | D:13     | Killed a purple ugly thing
 12540 | D:13     | Gained mutation: Your thick and shaggy fur keeps you warm.
                  | (AC +3, rC+) [Felid growth]
 12540 | D:13     | Reached XP level 12. HP: 63/63 MP: 14/24
 12566 | D:13     | Noticed a tengu warrior
 12579 | D:13     | Killed a tengu warrior
 12786 | D:13     | Noticed a centaur warrior
 12804 | D:13     | Killed a centaur warrior
 12914 | D:13     | Found a viscous altar of Jiyva.
 13306 | D:14     | Noticed a centaur warrior
 13335 | D:14     | Killed a centaur warrior
 13336 | D:14     | Reached skill level 10 in Necromancy
 13422 | D:14     | Noticed an entropy weaver
 13438 | D:14     | Killed an entropy weaver
 13656 | D:14     | Noticed a tengu warrior
 13662 | D:14     | Noticed a vault guard
 13711 | D:14     | Killed a vault guard
 13889 | D:14     | Reached skill level 10 in Summonings
 13961 | D:14     | Noticed a boulder beetle
 13965 | D:14     | Noticed a vault guard
 13968 | D:14     | Learned a level 4 spell: Anguish
 13978 | D:14     | Reached skill level 11 in Necromancy
 14060 | D:14     | Noticed a fire dragon
 14560 | Lair:1   | Entered Level 1 of the Lair of Beasts
 14756 | Lair:1   | Noticed a four-headed hydra
 14766 | Lair:1   | Killed a four-headed hydra
 15264 | Lair:1   | Reached XP level 13. HP: 70/70 MP: 26/26
 15888 | Lair:2   | Noticed an eleionoma
 15911 | Lair:2   | Reached skill level 12 in Necromancy
 15914 | Lair:2   | Killed an eleionoma
 16003 | Lair:2   | Found a staircase to the Swamp.
 16053 | Lair:2   | Noticed Gastronok
 16057 | Lair:2   | Found a hole to the Spider Nest.
 16063 | Lair:2   | Killed Gastronok
 16740 | Lair:2   | Reached skill level 10 in Fighting
 16902 | Lair:2   | Noticed Urug
 16913 | Lair:2   | Killed Urug
 16969 | Lair:2   | Reached skill level 13 in Necromancy
 17537 | Lair:3   | Acquired 821 gold pieces
 17602 | Lair:3   | Reached skill level 10 in Spellcasting
 18255 | Lair:3   | Found a runed translucent door.
 18258 | Lair:3   | Noticed xnavy's ghost (journeyman GnCA)
 18261 | Lair:3   | Identified the +1 spear "Ozeafy" {venom, ^Fragile rPois
                  | rF+}
 18570 | Lair:4   | Reached XP level 14. HP: 77/77 MP: 29/29
 18640 | Lair:4   | Reached ***** piety under Kikubaaqudgha
 19953 | Lair:5   | Entered Level 5 of the Lair of Beasts
 20019 | Lair:5   | Reached skill level 14 in Necromancy
 20132 | Lair:5   | HP: 1/77 [eight-headed hydra (9)]
 20692 | Lair:5   | Found a viscous altar of Jiyva.
 20692 | Lair:5   | Found a staircase to the Slime Pits.
 21647 | Lair:5   | Upgraded the game from 0.31-a0-1611-g890cdf5628 to
                  | 0.31-a0-1612-g4aaf141004
 21878 | Lair:5   | Found a corrupted altar of Lugonu.
 21878 | Lair:5   | Found a one-way gate to the infinite horrors of the Abyss.
 22154 | D:8      | Killed Erica
 22155 | D:8      | Reached skill level 15 in Necromancy
 22319 | Slime:1  | Entered Level 1 of the Pits of Slime
 22324 | Slime:1  | Noticed a rockslime
 22327 | Slime:1  | Killed a rockslime
 22575 | Slime:2  | Noticed a rockslime
 22585 | Slime:2  | Mangled by a rockslime
 22585 | Slime:2  | Lost a life (1 life remaining)
 22614 | Slime:2  | Noticed an acid blob
 22619 | Slime:2  | Killed a rockslime
 22625 | Slime:2  | Killed an acid blob
 22671 | Slime:2  | Reached XP level 15. HP: 77/80 MP: 31/31
 22671 | Slime:2  | Gained a life (2 lives remaining)
 22834 | Slime:1  | Noticed a rockslime
 22848 | Slime:1  | Killed a rockslime
 23296 | Slime:3  | Noticed a rockslime
 23318 | Slime:3  | Noticed an acid blob
 23322 | Slime:3  | HP: 4/80 [slime creature (2)]
 23325 | Slime:3  | Killed a rockslime
 23329 | Slime:3  | Noticed an acid blob
 23332 | Slime:3  | Noticed an acid blob
 23336 | Slime:3  | Killed an acid blob
 23337 | Slime:3  | Reached skill level 16 in Necromancy
 23344 | Slime:3  | Killed an acid blob
 23344 | Slime:3  | Killed an acid blob
 23356 | Slime:3  | Noticed an acid blob
 23361 | Slime:3  | Killed an acid blob
 23431 | Slime:3  | Noticed an acid blob
 23435 | Slime:3  | Killed an acid blob
 24296 | D:14     | Found a gate to the Vaults.
 24304 | D:14     | Acquired the ring of Koehunti {*Slow Str+6 Int+5 Dex+3}
 24883 | D:14     | Identified the +2 cloak "Gavvu" {rElec rC++ Int-2 Dex+3}
 25310 | D:15     | Entered Level 15 of the Dungeon
 25403 | D:15     | Noticed Roxanne
 25730 | D:15     | Found a staircase to the Depths.
 25766 | D:15     | Noticed Nessos
 25770 | D:15     | HP: 2/80 [Nessos/arrow (3)]
 25772 | D:15     | Slain by a meliai
 25772 | D:15     | Lost a life (1 life remaining)
 25775 | D:15     | Killed Nessos
 26076 | D:15     | Reached skill level 17 in Necromancy
 26322 | Orc:1    | Entered Level 1 of the Orcish Mines
 26371 | Orc:1    | Noticed Josephine
 26376 | Orc:1    | Killed Josephine
 26731 | Orc:1    | Your ally Josephine died
 26833 | Orc:2    | Entered Level 2 of the Orcish Mines
 26877 | Orc:2    | Found Qid Hiw's Jewellery Shop.
 26885 | Orc:2    | Bought a +6 ring of strength for 576 gold pieces
 26885 | Orc:2    | Bought the ring "Fuuxtap" {rC+ EV+5 Str+2 Slay+2 SInv
                  | Stlth-} for 1046 gold pieces
 26889 | Orc:2    | Found a staircase to the Elven Halls.
 26904 | Orc:2    | Found a radiant altar of Vehumet.
 27045 | Orc:2    | Noticed Saint Roka
 27060 | Orc:2    | Killed Saint Roka
 27061 | Orc:2    | Reached XP level 16. HP: 73/85 MP: 33/33
 27061 | Orc:2    | Gained a life (2 lives remaining)
 27106 | Orc:2    | Found Com Eske's Antique Weapon Boutique.
 27110 | Orc:2    | Found Jibokhar's Antique Armour Shop.
 27531 | Orc:2    | Found Sutoj's Antique Weapon Emporium.
 27610 | Orc:2    | Found Laly's Magic Scroll Shoppe.
 27618 | Orc:2    | Bought a scroll of fear for 64 gold pieces
 27618 | Orc:2    | Bought a scroll of teleportation for 48 gold pieces
 27618 | Orc:2    | Bought a scroll of vulnerability for 64 gold pieces
 27618 | Orc:2    | Bought a scroll of teleportation for 48 gold pieces
 27618 | Orc:2    | Bought a scroll of fog for 64 gold pieces
 28005 | Orc:1    | Noticed Harold
 28051 | Orc:2    | Learned a level 5 spell: Borgnjor's Vile Clutch
 28084 | Orc:1    | Killed Harold
 28840 | D:15     | HP: 2/85 [something (3)]
 28841 | D:15     | Engulfed by a cloud of flame
 28841 | D:15     | Lost a life (1 life remaining)
 29259 | Spider:1 | Entered Level 1 of the Spider Nest
 29286 | Spider:1 | Reached skill level 18 in Necromancy
 29298 | Spider:1 | Reached ****** piety under Kikubaaqudgha
 29339 | Spider:1 | Received a gift from Kikubaaqudgha (forbidden knowledge)
 29510 | Spider:1 | Found a transporter.
 29587 | Spider:1 | Found a transporter.
 29591 | Spider:1 | Noticed Doj's ghost (adept DsEE)
 29946 | Spider:1 | Learned a level 8 spell: Infestation
 29982 | Lair:2   | Learned a level 7 spell: Haunt
 30065 | Slime:4  | Killed from afar by an eye of devastation
 30065 | Slime:4  | Lost a life (0 lives remaining)
 30194 | Slime:5  | Entered Level 5 of the Pits of Slime
 30202 | Slime:5  | Noticed an acid blob
 30259 | Slime:5  | Noticed an acid blob
 30260 | Slime:5  | Noticed an acid blob
 30262 | Slime:5  | Killed an acid blob
 30263 | Slime:5  | Reached skill level 19 in Necromancy
 30264 | Slime:5  | Noticed the Royal Jelly
 30292 | Slime:5  | Noticed an acid blob
 30293 | Slime:5  | Noticed an acid blob
 30294 | Slime:5  | Noticed an acid blob
 30295 | Slime:5  | Noticed an acid blob
 30296 | Slime:5  | Killed an acid blob
 30298 | Slime:5  | Noticed an acid blob
 30299 | Slime:5  | Killed an acid blob
 30301 | Slime:5  | Killed an acid blob
 30301 | Slime:5  | Killed an acid blob
 30302 | Slime:5  | Noticed an acid blob
 30303 | Slime:5  | Noticed an acid blob
 30310 | Slime:5  | Killed an acid blob
 30311 | Slime:5  | Killed an acid blob
 30311 | Slime:5  | Killed an acid blob
 30314 | Slime:5  | Killed an acid blob
 30545 | Slime:4  | Reached XP level 17. HP: 89/89 MP: 22/35
 30545 | Slime:4  | Gained a life (1 life remaining)
 30876 | Slime:5  | Noticed an acid blob
 30887 | Slime:5  | Killed an acid blob
 30888 | Slime:5  | Reached skill level 20 in Necromancy
 30912 | Slime:5  | Gained mutation: You occasionally shout uncontrollably at
                  | your foes. [a shining eye]
 30924 | Slime:5  | Found a viscous altar of Jiyva.
 31364 | Slime:5  | Noticed an acid blob
 31368 | Slime:5  | Killed an acid blob
 31376 | Slime:5  | Noticed an acid blob
 31376 | Slime:5  | Noticed an acid blob
 31384 | Slime:5  | Killed an acid blob
 31388 | Slime:5  | Noticed an acid blob
 31389 | Slime:5  | Noticed an acid blob
 31389 | Slime:5  | Noticed an acid blob
 31390 | Slime:5  | Fell from the grace of Kikubaaqudgha
 31390 | Slime:5  | Became a worshipper of Jiyva Jydwin the Shapeless
 31518 | Spider:2 | Identified the serpent talisman of Niysaqer {Fly rC-
                  | Slay+5}
 31518 | Spider:2 | Noticed Aizul
 31842 | Spider:2 | Slain by a spark wasp
 31842 | Spider:2 | Lost a life (0 lives remaining)
 32528 | Spider:2 | Killed Aizul
 32620 | Spider:2 | Reached * piety under Jiyva
 32960 | Spider:3 | Slain by a redback

Illustrated notes

Levels and vault maps discovered:
D:1:      dpeg_arrival_water_fire, layout_basic, feat_on_display
D:2:      layout_loops_ring, grunt_decor_junction, uniq_sigmund, uniq_robin,
          uniq_terence
D:3:      layout_rooms, chequers_ecumenical_altar_grove
D:4:      layout_basic, grunt_gozag_breadcrumbs, portal_sewer_entry_e
D:5:      layout_rooms, minitemple, minmay_temple_entry_glassed_door
D:6:      layout_gridville
D:7:      layout_rooms
D:8:      layout_basic, chequers_temple_overflow_statue_of_worship,
          mainiacjoe_overflow_paths, uniq_erica
D:9:      layout_basic, st_stairs_9, hellmonk_guarded_unrand_gyre_and_gimble
D:10:     layout_long_grid, david_lair_shrubbed, uniq_psyche, uniq_sonja
D:11:     layout_long_grid, special_room [special_room_orc]
D:12:     layout_rooms, serial_corexii_hall, chequers_hall_statues_wall_a,
          corexii_hall_statues_i, kiku_gazebo_pond_becter
D:13:     layout_long_grid, jiyva_altar_1
D:14:     layout_basic, grunt_vaults_entry_tiered, bh_walls_and_bars,
          gauntlet_entry_generic
D:15:     grunt_enter_depths_magical_seal, layout_basic, chequers_mini_garden,
          lemuel_flamethrower_hall, uniq_roxanne, uniq_nessos
Temple:   grunt_temple_mini_profane
Lair:1:   layout_small_grid
Lair:2:   layout_layer_cave, alex1729_swamp_entry_worm_eleionoma,
          hellmonk_spider_entry_not_the_bees, chequers_serial_rivers_marsh,
          grunt_megastairs_4, infiniplex_staircase_pool, lemuel_fruit_tree,
          uniq_gastronok, uniq_urug
Lair:3:   layout_cave_pods, ebering_ghost_funeral_grove
Lair:4:   layout_cave_pods, nicolae_lair_liquid_snakes
Lair:5:   hellmonk_lair_end_abyssal_woods, layout_gridlike,
          dpeg_slime_entry_enclosed, minmay_lair_drake_nest
Spider:1: layout_spider_delve, gammafunk_ghost_mausoleum, drop_trap,
          guppyfry_hornet_nest
Spider:2: layout_spider_delve, hellmonk_test_site, uniq_aizul
Spider:3: layout_spider_delve, hive_lemuel
Slime:1:  layout_caves, cheibrodos_slime_lost_civilization_4
Slime:2:  layout_caves
Slime:3:  layout_caves
Slime:4:  layout_caves
Slime:5:  slime_pit_nicolae_trefoil
Orc:1:    layout_caves, mines2_david, uniq_harold, uniq_josephine
Orc:2:    grunt_orc_community_town_hall, layout_diamond_mine,
          grunt_orc_community_big_house_1, grunt_orc_community_big_house_2,
          grunt_orc_community_house_2, grunt_orc_community_house_1,
          grunt_orc_community_house_1, grunt_orc_community_house_2, basic_altar,
          minmay_shop_enchanted_jewellery, nicolae_orc_rockfall,
          einodemon_barbed_minivault

Skill      XL: |  1  2  3  4  5  6  7  8  9 10 11 12 13 14 15 16 17 |
---------------+----------------------------------------------------+-----
Stealth        | 3 4 5 6 7 |  7.4
Dodging        | 3 4 5 6 8 9 10 | 10.0
Spellcasting   | 3 4 5 6 7 8 10 11 12 13 | 13.2
Summonings     | 5 6 7 9 10 11 12 13 14 | 14.6
Fire Magic     | 1 3 4 5 |  5.0
Fighting       | 1 2 3 4 6 7 9 10 | 10.0
Necromancy     | 4 6 9 11 13 15 17 19 20 | 20.7
Translocations | 3 |  3.0

Action                     |  1- 3 |  4- 6 |  7- 9 | 10-12 | 13-15 | 16-18 || total
---------------------------+-------+-------+-------+-------+-------+-------++-------
  Melee: Unarmed           |    28 |    23 |    57 |    91 |   131 |    42 ||   372
         Bite              |     5 |     1 |     9 |    15 |    21 |     3 ||    54
         Punch             |       |       |     2 |     2 |     2 |     1 ||     7
   Cast: Summon Small Mamm |    29 |    14 |    43 |    32 |    14 |     8 ||   140
         Call Imp          |     6 |    12 |    33 |    11 |       |       ||    62
         Call Canine Famil |     2 |     7 |    25 |    35 |    35 |     7 ||   111
         Summon Blazeheart |       |     2 |    26 |    72 |    50 |     4 ||   154
         Animate Dead      |       |       |       |    23 |    33 |    20 ||    76
         Martyr's Knell    |       |       |       |    52 |    90 |    44 ||   186
         Death Channel     |       |       |       |    16 |    55 |    28 ||    99
         Blink             |       |       |       |     1 |     9 |     5 ||    15
         Anguish           |       |       |       |     3 |   117 |    66 ||   186
         Haunt             |       |       |       |       |       |    34 ||    34
         Borgnjor's Vile C |       |       |       |       |       |     5 ||     5
         Infestation       |       |       |       |       |       |     6 ||     6
 Invoke: Unearth Wretches  |       |       |       |     4 |    17 |    12 ||    33
         Receive Forbidden |       |       |       |       |       |     1 ||     1
  Evoke: Wand              |       |       |       |    14 |    14 |     2 ||    30
    Use: Scroll            |     1 |     3 |    15 |    18 |     9 |     5 ||    51
         Potion            |       |       |     3 |     6 |    11 |     8 ||    28
   Stab: Sleeping          |     2 |     7 |     5 |     2 |     4 |     1 ||    21
         Distracted        |     1 |       |     2 |     2 |     2 |     1 ||     8
         Paralysed         |       |       |       |     4 |    19 |    19 ||    42
 Armour: Skin              |     7 |    10 |    40 |   100 |   142 |    87 ||   386
  Dodge: Dodged            |    22 |    62 |   141 |   314 |   283 |   165 ||   987

Table legend: (Time is in decaauts)
 A = Elapsed time spent in this place.
 B = Non-inter-level travel time spent in this place.
 C = Inter-level travel time spent in this place.
 D = Time resting spent in this place.
 E = Time spent auto-exploring this place.
 F = Levels seen in this place.
 G = Mean time per level.
                   A        B        C        D        E       F      G
               +--------+--------+--------+--------+--------+-----+--------+
         Total |  33018 |  30193 |   2825 |   4041 |  17438 |  31 | 1065.1 |
       Dungeon |  18085 |  16136 |   1949 |   2438 |   9015 |  15 | 1205.7 |
        Temple |     26 |      1 |     25 |      0 |      0 |   1 |   26.0 |
          Lair |   7808 |   7267 |    541 |    685 |   5066 |   5 | 1561.6 |
   Spider Nest |   2168 |   2126 |     42 |    496 |    916 |   3 |  722.7 |
    Slime Pits |   2944 |   2749 |    195 |    415 |   1288 |   5 |  588.8 |
  Orcish Mines |   1984 |   1912 |     72 |      7 |   1152 |   2 |  992.0 |
               +--------+--------+--------+--------+--------+-----+--------+

Top non-repeatable levels by time:
    D:14: 2469 daAuts
  Lair:5: 2078 daAuts
  Lair:2: 1737 daAuts
  Lair:4: 1492 daAuts
Spider:2: 1434 daAuts
  Lair:1: 1409 daAuts
    D:10: 1406 daAuts
     D:8: 1402 daAuts
    D:11: 1293 daAuts
    D:15: 1268 daAuts
   Orc:2: 1235 daAuts
     D:6: 1214 daAuts
     D:4: 1212 daAuts
     D:2: 1194 daAuts
    D:13: 1164 daAuts
